 Dungeon Crawl Stone Soup version 0.29-a0-270-g1586fc07ea (webtiles) character file.

Game seed: 4874667887255862073

424 fragbeetle the Changer (level 6, -2/70 HPs)
             Began as a Draconian Transmuter on Mar 8, 2022.
             Killed from afar by Dowan (7 damage)
             ... with a stone arrow
             ... on level 4 of the Dungeon.
             The game lasted 00:06:58 (3672 turns).

fragbeetle the Changer (Draconian Transmuter)       Turns: 3672, Time: 00:06:59

Health: -2/70      AC: 23    Str: 14    XL:     6   Next: 64%
Magic:  9/9        EV:  2    Int: 14    God:
Gold:   179        SH:  0    Dex: 11    Spells: 1/9 levels left

rFire   . . .      SeeInvis .     - Unarmed
rCold   . . .      Faith    .   (no shield)
rNeg    . . .      Spirit   .   (body armour unavailable)
rPois   +          Reflect  .   (helmet currently unavailable)
rElec   .          Harm     .   (cloak currently unavailable)
rCorr   .          Rampage  .   (gloves currently unavailable)
Will    .....      NoTele   +   (boots currently unavailable)
Stlth   +.........              (no amulet)
HPRegen 0.21/turn               k - ring of poison resistance
MPRegen 0.11/turn               (no ring)

@: tree-form (expiring)
A: stationary, stasis, torment immunity, boosted hp, AC +6, unfitting armour,
(cold-blooded), (horns 1), deterioration 1
a: no special abilities


You were on level 4 of the Dungeon.
You were a tree.
You visited 1 branch of the dungeon, and saw 4 of its levels.

You collected 179 gold pieces.

Inventory:

Hand Weapons
 l - a +1 war axe of flaming
Missiles
 i - 15 poisoned darts
Jewellery
 k - a ring of poison resistance (left branch)
Scrolls
 b - 2 scrolls of teleportation
 c - 2 scrolls of identify
 d - a scroll of immolation {unknown}
 e - a scroll of fog {unknown}
 f - a scroll of summoning {unknown}
 g - 2 scrolls of enchant armour {unknown}
 m - a scroll of vulnerability {unknown}


   Skills:
 - Level 1.1 Fighting
 - Level 1.7 Dodging
 - Level 4.0 Unarmed Combat
 - Level 2.0 Spellcasting
 + Level 6.7 Transmutations


You had one spell level left.
You knew the following spells:

 Your Spells              Type           Power      Damage    Failure   Level
a - Beastly Appendage     Tmut           40%        N/A       1%          1
b - Spider Form           Tmut/Pois      10%        N/A       19%         3
c - Ice Form              Ice/Tmut       10%        N/A       52%         4

Your spell library contained the following spells:

 Spells                   Type           Power      Damage    Failure   Level
 Wereblood                Tmut           20%        N/A       2%          2
 Corpse Rot               Necr/Air       2%         N/A       34%         2
 Poisonous Vapours        Pois/Air       2%         N/A       34%         2


Dungeon Overview and Level Annotations

Branches:
Dungeon (4/15)
 Temple: D:4-7

Altars:
Trog

Shops:
D:3 =

Annotations:
D:4 Dowan


Innate Abilities, Weirdness & Mutations

You are a tree.
Your roots penetrate the ground, keeping you stationary.
You cannot be teleported.
You are immune to unholy pain and torment.
Your maximum health is greatly increased.
Your equipment is partially melded.
((Your plain brown scales are hard. (AC +6)))
You cannot fit into any form of body armour.
((You are cold-blooded and may be slowed by cold attacks.))
((You have a pair of small horns on your head.))
Your body sometimes deteriorates upon taking damage.


Message History

Dowan gestures wildly while chanting.
Dowan blinks!
Dowan gestures at you while chanting. The stone arrow hits you!
* * * LOW HITPOINT WARNING * * *
Dowan points at you and mumbles some strange words.
The stone arrow hits you.
* * * LOW HITPOINT WARNING * * *
Dowan casts a spell.
Dowan blinks!
Unknown command.
It was a potion of mutation.
You feel extremely strange.
You feel yourself wasting away. A pair of horns grows on your head!
Your transformation is almost over.
Unknown command.
It was a potion of flight.
Your roots keep you in place.
Dowan casts a spell.
Dowan blinks!
Unknown command.
As you read the scroll labelled TIUTSOUBE, it crumbles to dust.
It is a scroll of identify.
b - 2 scrolls of teleportation You cannot teleport because you are held in place by your roots.
Unknown command.
Okay, then.
You hit Dowan.
Dowan is lightly wounded.
Dowan hits you with a +4 dagger.
* * * LOW HITPOINT WARNING * * *
You closely miss Dowan.
Dowan is lightly wounded.
Dowan hits you but does no damage. x2
You smack Dowan!
Dowan is almost dead.
Dowan hits you but does no damage.
You barely miss Dowan.
Dowan is almost dead.
Dowan points at you and mumbles some strange words.
The stone arrow hits you!
You die...

..........# #.
.##.####..######
.........##..'.##
..#.#....#...##†#
............##.#
#..#.#.....)_.##.#
#........#....##.#
#....#.#.##...##.#
###.#.#.#♣###..^###
.....#.#e# #####
####.#.#...#######
..................
###...)..#####.##
#...##.#####..
#.....?.......
#..###.######.
#.......)h.#


You could see Dowan (fast).

Vanquished Creatures
  Duvessa (D:4)
  A necrophage (D:3)
  An orc priest (D:4)
  A hound (D:4)
  An orc wizard (D:4)
  4 gnolls
  5 adders
  2 dart slugs
  9 orcs
  8 endoplasms
  3 giant cockroaches
  4 goblins
  7 hobgoblins
  4 jackals (D:3)
  6 kobolds
  5 quokkas
  6 ball pythons
  2 bats (D:1)
  6 frilled lizards
  6 rats
82 creatures vanquished.

Notes
Turn   | Place    | Note
-------+----------+-------------------------------------------
     0 | D:1      | fragbeetle the Draconian Transmuter began the quest for the
                  | Orb.
     0 | D:1      | Reached XP level 1. HP: 16/16 MP: 3/3
   351 | D:1      | Found a faded altar of an unknown god.
   498 | D:1      | Reached XP level 2. HP: 23/23 MP: 3/5
  1012 | D:2      | Reached XP level 3. HP: 24/28 MP: 4/6
  1016 | D:2      | Learned a level 3 spell: Spider Form
  1090 | D:2      | Reached skill level 3 in Transmutations
  1405 | D:2      | Reached XP level 4. HP: 14/35 MP: 5/7
  2007 | D:2      | Reached skill level 4 in Transmutations
  2449 | D:3      | Found Fuanat's Jewellery Shop.
  2479 | D:3      | Reached XP level 5. HP: 12/40 MP: 8/8
  2720 | D:3      | Learned a level 4 spell: Ice Form
  3027 | D:3      | Reached skill level 5 in Transmutations
  3539 | D:4      | Found a bloodstained altar of Trog.
  3617 | D:4      | Noticed Duvessa
  3623 | D:4      | Noticed Dowan
  3638 | D:4      | Killed Duvessa
  3639 | D:4      | Reached skill level 6 in Transmutations
  3639 | D:4      | Reached XP level 6. HP: 21/47 MP: 6/9
  3663 | D:4      | Gained mutation: Your body sometimes deteriorates upon
                  | taking damage. [potion of mutation]
  3663 | D:4      | Gained mutation: You have a pair of small horns on your
                  | head. [potion of mutation]
  3672 | D:4      | Killed from afar by Dowan

Illustrated notes

Levels and vault maps discovered:
D:1:      heliophobic_arrival_henge, layout_loops_ring, basic_ecumenical_altar,
          kennysheep_small_spiral
D:2:      layout_rooms
D:3:      layout_rooms, serial_shops, nicolae_shop_advertising_works
          [nicolae_subvault_shop_adworks]
D:4:      layout_basic, trog_butcher_becter, nzn_wu_jian_council_hall,
          vehumet_altar_wand_db, temple_pool_b, serial_shops, shop,
          hangedman_decor_growths, uniq_duvessa

Skill      XL: |  1  2  3  4  5 |
---------------+----------------+-----
Transmutations | 3 4 6 |  6.7
Unarmed Combat | 4 |  4.0
Fighting       | |  1.1
Dodging        | |  1.7
Spellcasting   | |  2.0

Action                   |  1- 3 |  4- 6 || total
-------------------------+-------+-------++-------
Melee: Unarmed           |    70 |   153 ||   223
       Kick              |    10 |    18 ||    28
       Tailslap          |     8 |     6 ||    14
       Headbutt          |     5 |    19 ||    24
       Punch             |     1 |     4 ||     5
 Cast: Beastly Appendage |    20 |    29 ||    49
       Spider Form       |       |     2 ||     2
  Use: Potion            |     1 |     3 ||     4
       Scroll            |       |     1 ||     1
 Stab: Sleeping          |       |     2 ||     2
Armor: Skin              |    29 |    41 ||    70
Dodge: Dodged            |    62 |    74 ||   136

Table legend: (Time is in decaauts)
 A = Elapsed time spent in this place.
 B = Non-inter-level travel time spent in this place.
 C = Inter-level travel time spent in this place.
 D = Time resting spent in this place.
 E = Time spent auto-exploring this place.
 F = Levels seen in this place.
 G = Mean time per level.
                   A        B        C        D        E       F      G
               +--------+--------+--------+--------+--------+-----+--------+
         Total |   3660 |   3430 |    230 |    512 |   2290 |   4 |  915.0 |
       Dungeon |   3660 |   3430 |    230 |    512 |   2290 |   4 |  915.0 |
               +--------+--------+--------+--------+--------+-----+--------+

Top non-repeatable levels by time:
     D:1: 1532 daAuts
     D:2: 1024 daAuts
     D:3: 944 daAuts
     D:4: 159 daAuts
